 Dungeon Crawl Stone Soup version 0.25.0-11-g1f837a76a1 (webtiles) character file.

Game seed: 4036655928807936675

9568 Curus the Carver (level 11, -4/95 HPs)
             Began as a Hill Orc Fighter on June 27, 2020.
             Was a Priest of Trog.
             Slain by a blink frog (13 damage)
             ... on level 1 of the Lair of Beasts.
             The game lasted 00:58:51 (12445 turns).

Curus the Carver (Hill Orc Fighter)                Turns: 12445, Time: 00:58:51

Health: -4/95      AC: 16    Str: 20    XL:     11   Next: 48%
Magic:  14/14      EV:  4    Int:  3    God:    Trog [***...]
Gold:   563        SH: 12    Dex: 26    Spells: 10/10 levels left

rFire    . . .     SeeInvis .   w - +8 long sword of Punishment {vorpal, *Drain rN++ MR+++ Int-5}
rCold    + + .     Gourm    .   c - +0 kite shield
rNeg     + + .     Faith    .   x - +0 plate armour
rPois    +         Spirit   .   z - +0 helmet "Jiduwan" {*Slow rC++ Dex+7}
rElec    .         Reflect  .   (no cloak)
rCorr    .         Harm     .   (no gloves)
MR       +++..                  h - +0 pair of boots
Stlth    ..........             (no amulet)
HPRegen  0.25/turn              E - +6 ring of dexterity
MPRegen  0.14/turn              B - ring of flight

@: berserk cooldown, slowed, very slow
A: mutation resistance 1, poison resistance
a: Berserk, Trog's Hand, Renounce Religion, Evoke Flight


You were on level 1 of the Lair of Beasts.
You worshipped Trog.
Trog was most pleased with you.
You were near starving.

You visited 3 branches of the dungeon, and saw 11 of its levels.
You also visited: Sewer.

You collected 563 gold pieces.

Inventory:

Hand Weapons
 a - a +1 long sword
 w - the +8 long sword of Punishment (weapon) {vorpal, *Drain rN++ MR+++ Int-5}
   (You took it off a gnoll on level 7 of the Dungeon)

   It inflicts extra damage upon your enemies.
   It affects your intelligence (-5).
   It greatly protects you from negative energy.
   It affects your resistance to hostile enchantments.
   It causes draining when unequipped.
Armour
 b - a +0 scale mail
 c - a +0 kite shield (worn)
 h - a +0 pair of boots (worn)
 i - a +2 hat
 x - a +0 plate armour (worn)
 z - the +0 helmet "Jiduwan" (worn) {*Slow rC++ Dex+7}
   (You found it on level 9 of the Dungeon)

   It affects your dexterity (+7).
   It greatly protects you from cold.
   It may slow you when you take damage.
Jewellery
 d - an uncursed ring of stealth
 A - the ring "Dusenudd" {+Fly rPois rC- Int-4 Dex+6}
   (You found it on level 7 of the Dungeon)

   [ring of dexterity]

   It affects your intelligence (-4).
   It affects your dexterity (+6).
   It makes you vulnerable to cold.
   It protects you from poison.
   It lets you fly.
 B - a ring of flight (right hand)
 D - a -4 ring of evasion
 E - a +6 ring of dexterity (left hand)
Wands
 j - a wand of flame (10)
 m - a wand of enslavement (8)
 u - a wand of digging (5)
 y - a wand of iceblast (4)
Scrolls
 e - 6 scrolls of identify
 k - a scroll of blinking
 n - 6 scrolls of remove curse
 q - 2 scrolls of teleportation
 s - a scroll of amnesia
 C - 2 scrolls of enchant weapon
Potions
 g - 4 potions of heal wounds
 l - 3 potions of mutation
 o - 9 potions of curing
 p - 2 potions of brilliance
 r - 2 potions of stabbing
 t - a potion of flight
 v - 2 potions of berserk rage
Comestibles
 f - 20 rations


   Skills:
 - Level 8.9 Fighting
 - Level 14.1 Long Blades
 - Level 8.1 Armour
 + Level 6.1 Shields
 + Level 4.4 Evocations


You had 10 spell levels left.
You didn't know any spells.
Your spell library was empty.

Dungeon Overview and Level Annotations

Branches:
Dungeon (9/15)             Temple (1/1) D:6            Lair (1/6) D:9
  Sewer (visited)
    Orc: D:9-12

Altars:
Ashenzari
Dithmenos
Elyvilon
Fedhas
Gozag
Hepliaklqana
Kikubaaqudgha
Nemelex Xobeh
Qazlal
Sif Muna
Trog
Vehumet
Wu Jian
Zin
Beogh


Innate Abilities, Weirdness & Mutations

You are somewhat resistant to further mutation.
Your system is resistant to poisons. (rPois)


Message History

The blink frog is severely wounded.
You are no longer berserk.
You are exhausted.
You feel as though you will be slow longer.
The blink frog blinks!
You hit the bullfrog.
The bullfrog is lightly wounded.
The bullfrog barely misses you. You block the bullfrog's attack.
You slash the bullfrog!
The bullfrog is heavily wounded.
The bullfrog hits you but does no damage.
You slice the bullfrog!!
You kill the bullfrog!
Trog accepts your kill.
You are near starving!
You block the blink frog's attack.
You slash the blink frog!
The blink frog is almost dead.
The blink frog hits you!
You die...

#............
#............P
#............#
.........# #..
........P# #.# +.......#
#.# #<......# #.# #
........####.######P.###
##.####.##P#..rF@.......
### #........##.#.#...
#.††....## ## #.......#
#.......# #......F#
#........# ........#..
............


You could see a blink frog and a porcupine.

Vanquished Creatures
  Harold (D:9)
  A hydra (Lair:1)
  A black mamba (Lair:1)
  2 spiny frogs (Lair:1)
  A komodo dragon (Lair:1)
  2 blink frogs (Lair:1)
  5 hippogriffs
  A vampire (D:9)
  A yak (D:7)
  Grum (D:9)
  3 hogs (D:7)
  A human (D:7)
  Edmund (D:5)
  3 water moccasins
  A porcupine (Lair:1)
  An ice beast (D:7)
  5 orc warriors
  2 black bears
  3 sky beasts (D:8)
  3 centaurs
  4 ogres
  3 wolves (D:9)
  A crocodile (Lair:1)
  5 bullfrogs
  2 big kobolds
  Blork the orc (D:6)
  2 scorpions (D:7)
  5 killer bees (D:9)
  4 wights (D:6)
  2 howler monkeys
  3 hounds
  A jelly (D:5)
  7 orc priests
  5 orc wizards
  3 bullfrog skeletons
  An iguana (D:8)
  3 worker ants
  A howler monkey zombie (D:6)
  Robin (D:4)
  19 gnolls
  13 adders
  9 river rats (Sewer)
  A shadow imp (D:8)
  4 oozes
  An adder zombie (D:5)
  3 adder skeletons
  5 worms
  4 dart slugs
  2 leopard geckos
  41 orcs
  6 ball pythons
  8 giant cockroaches
  19 goblins
  15 hobgoblins
  9 jackals
  4 quokkas
  14 bats
  3 frilled lizards
  A giant cockroach zombie (D:5)
  26 kobolds
  2 quokka skeletons
  A quokka zombie (D:6)
  24 rats
327 creatures vanquished.

Vanquished Creatures (others)
  3 fungi
  A plant (Lair:1)
4 creatures vanquished.

Grand Total: 331 creatures vanquished

Notes
Turn   | Place    | Note
-------+----------+-------------------------------------------
     0 | D:1      | Curus the Hill Orc Fighter began the quest for the Orb.
     0 | D:1      | Reached XP level 1. HP: 19/19 MP: 1/1
   140 | D:1      | Reached XP level 2. HP: 11/26 MP: 2/2
   329 | D:1      | Reached skill level 3 in Long Blades
   475 | D:1      | Reached XP level 3. HP: 31/31 MP: 3/3
   591 | D:1      | Reached skill level 4 in Long Blades
  1383 | D:2      | Reached XP level 4. HP: 32/39 MP: 4/4
  1854 | D:2      | Found a shimmering blue altar of Sif Muna.
  1974 | D:2      | Reached skill level 5 in Long Blades
  2117 | D:3      | Gained mutation: Your system is resistant to poisons.
                  | (rPois) [potion of mutation]
  2117 | D:3      | Gained mutation: You are somewhat resistant to further
                  | mutation. [potion of mutation]
  2192 | D:3      | Noticed a hippogriff
  2214 | D:3      | Killed a hippogriff
  2214 | D:3      | Reached skill level 7 in Long Blades
  2214 | D:3      | Reached XP level 5. HP: 36/45 MP: 5/5
  2214 | D:3      | Reached XP level 6. HP: 41/51 MP: 6/6
  2800 | D:3      | Found an opulent altar of Gozag.
  2800 | D:3      | Found a white marble altar of Elyvilon.
  3008 | D:4      | Found a glowing drain.
  3017 | Sewer    | Entered a sewer
  3048 | Sewer    | Reached skill level 8 in Long Blades
  3086 | Sewer    | Reached XP level 7. HP: 57/57 MP: 7/7
  4043 | D:4      | Reached skill level 9 in Long Blades
  4177 | D:4      | Noticed Robin
  4216 | D:4      | Killed Robin
  4660 | D:4      | Found a shadowy altar of Dithmenos.
  4661 | D:4      | Found a radiant altar of Vehumet.
  4864 | D:5      | Entered Level 5 of the Dungeon
  4976 | D:5      | Reached XP level 8. HP: 24/64 MP: 8/8
  5133 | D:5      | Reached skill level 10 in Long Blades
  5292 | D:5      | Found a blossoming altar of Fedhas.
  5359 | D:5      | Found a stormy altar of Qazlal.
  5722 | D:5      | Noticed Edmund
  5755 | D:5      | Killed Edmund
  6294 | D:5      | HP: 3/64 [bullfrog (1)]
  6297 | D:5      | Reached skill level 11 in Long Blades
  6914 | D:6      | Noticed Blork the orc
  6930 | D:6      | Killed Blork the orc
  7237 | D:6      | Reached skill level 12 in Long Blades
  7237 | D:6      | Reached XP level 9. HP: 21/70 MP: 9/9
  7971 | D:6      | Found a staircase to the Ecumenical Temple.
  7978 | Temple   | Entered the Ecumenical Temple
  7995 | Temple   | Became a worshipper of Trog the Wrathful
  8682 | D:7      | Reached skill level 13 in Long Blades
  8767 | D:7      | Identified the +8 long sword of Punishment {vorpal, *Drain
                  | rN++ MR+++ Int-5}
  9374 | D:7      | Got a translucent amber ring
  9375 | D:7      | Lost intelligence.
  9375 | D:7      | Identified the ring "Dusenudd" {+Fly rPois rC- Int-4 Dex+6}
                  | (You found it on level 7 of the Dungeon)
  9628 | D:7      | Reached skill level 14 in Long Blades
  9637 | D:7      | Reached * piety under Trog
  9637 | D:7      | Reached XP level 10. HP: 50/80 MP: 10/10
 10102 | D:8      | Reached skill level 5 in Fighting
 10209 | D:8      | Reached skill level 5 in Armour
 10656 | D:8      | Found a roughly hewn altar of Beogh.
 10853 | D:8      | Reached ** piety under Trog
 11289 | D:9      | Found a staircase to the Lair.
 11294 | D:9      | Noticed Grum
 11308 | D:9      | Killed Grum
 11552 | D:9      | Got a glimmering helmet
 11563 | D:9      | Identified the +0 helmet "Jiduwan" {*Slow rC++ Dex+7} (You
                  | found it on level 9 of the Dungeon)
 11568 | D:9      | Noticed Harold
 11592 | D:9      | Killed Harold
 11852 | D:9      | Reached XP level 11. HP: 88/95 MP: 11/11
 12372 | Lair:1   | Entered Level 1 of the Lair of Beasts
 12387 | Lair:1   | Reached skill level 1 in Evocations
 12390 | Lair:1   | Reached *** piety under Trog
 12399 | Lair:1   | Noticed a five-headed hydra
 12420 | Lair:1   | Reached skill level 5 in Shields
 12434 | Lair:1   | Killed a 14-headed hydra
 12445 | Lair:1   | Slain by a blink frog

Illustrated notes

Levels and vault maps discovered:
D:1:      dpeg_arrival_stone_temple_mockup, layout_basic, serial_bayou_ford_a
D:2:      layout_loops_cross, first_ration, led_sif_pool
D:3:      layout_rooms, gammafunk_temple_overflow_elements
D:4:      layout_cave_pods, gammafunk_temple_overflow_statue,
          cheibrodos_sewer_entry_sluice, uniq_robin
D:5:      layout_cave_pools, lemuel_crystal_altar, serial_bayou_pond_a,
          fedhas_altar_3, uniq_edmund
D:6:      layout_gridville, minmay_temple_entry_large_hall,
          kennysheep_small_spiral, uniq_blork_the_orc
D:7:      layout_basic, grunt_livestock, hangedman_decor_clover_reticule
D:8:      layout_loops_cross, special_room [special_room_orc],
          minmay_starry_boxes
D:9:      layout_loops_cross, dpeg_oklobed_lair, uniq_harold, uniq_grum
Temple:   eino_temple_rhombus
Lair:1:   gammafunk_cloud_chamber, layout_chaotic_city,
          chequers_serial_rivers_marsh, fungi_pond_lemuel, beast_lair_carwin_4

Skill      XL: |  1  2  3  4  5  6  7  8  9 10 11 |
---------------+----------------------------------+-----
Long Blades    | 3 4 7 8 9 12 14 | 14.1
Fighting       | 4 8 |  8.9
Armour         | 4 8 |  8.1
Evocations     | 4 |  4.4
Shields        | 6 |  6.1

Action                   |  1- 3 |  4- 6 |  7- 9 | 10-12 || total
-------------------------+-------+-------+-------+-------++-------
Melee: Long sword        |   118 |   191 |   602 |   302 ||  1213
Invok: Berserk           |       |       |       |     2 ||     2
Evoke: Wand              |       |       |     3 |     3 ||     6
  Use: Scroll            |     4 |     2 |     4 |     2 ||    12
       Potion            |     1 |    10 |     7 |     1 ||    19
 Stab: Invisible         |       |     2 |       |       ||     2
  Eat: Chunk             |     2 |     6 |    14 |    10 ||    32
       Ration            |       |       |     2 |       ||     2
Armor: Scale mail        |    44 |    78 |   289 |       ||   411
       Plate armour      |       |       |    51 |   140 ||   191
Dodge: Dodged            |    40 |    72 |   173 |    34 ||   319
Block: Kite shield       |    72 |    75 |   293 |   121 ||   561
       Rpst.: Long sword |    15 |    26 |    49 |     8 ||    98
